 Dungeon Crawl Stone Soup version 0.30-a0-799-g109b55a442 (webtiles) character file.

Game seed: 2012579954566093118

123 octoduck the Skirmisher (level 5, 43/43 HPs)
             Began as a Gnoll Hunter on Feb 21, 2023.
             Was an Initiate of the Shining One.
             Got out of the dungeon alive.
             The game lasted 00:11:44 (3878 turns).

octoduck the Skirmisher (Gnoll Hunter)              Turns: 3878, Time: 00:11:45

Health: 43/43      AC:  4    Str: 10    XL:     5   Next: 7%
Magic:  7/7        EV: 18    Int:  9    God:    the Shining One [......]
Gold:   110        SH:  0    Dex: 17    Spells: 6/6 levels left

rFire   . . .      SeeInvis .      - Unarmed
rCold   . . .      Faith    .    (no shield)
rNeg    . . .      Spirit   .    c - +0 leather armour
rPois   .          Reflect  .    (no helmet)
rElec   .          Harm     .    (no cloak)
rCorr   .          Rampage  .    h - +0 pair of gloves
Will    .....                    (no boots)
Stlth   +                        (no amulet)
HPRegen 0.27/turn                k - +5 ring of evasion
MPRegen 0.10/turn                j - ring of wizardry

@: glowing
A: fangs 1, strong nose, distributed training
a: Renounce Religion


You escaped.
You worshipped the Shining One.
The Shining One was noncommittal.
You visited 1 branch of the dungeon, and saw 3 of its levels.

You collected 110 gold pieces.

Inventory:

Hand Weapons
 b - a +0 dagger
 n - a +0 quarterstaff
 p - a +0 rapier
Armour
 c - a +0 leather armour (worn)
 h - a +0 pair of gloves (worn)
 o - a +0 chain mail
 r - a +0 ring mail
Jewellery
 j - a ring of wizardry (right hand)
 k - a +5 ring of evasion (left hand)
Wands
 q - a wand of polymorph (6)
Scrolls
 e - a scroll of immolation
Potions
 d - a potion of berserk rage {unknown}
 f - a potion of cancellation {unknown}
 g - a potion of ambrosia {unknown}
 i - 3 potions of heal wounds {unknown}
 l - a potion of curing {unknown}
 m - a potion of flight {unknown}


   Skills:
 + Level 4.7 Fighting
 + Level 1.4 Short Blades
 + Level 1.4 Long Blades
 + Level 1.4 Axes
 + Level 1.4 Maces & Flails
 + Level 1.4 Polearms
 + Level 1.4 Staves
 + Level 8.6 Ranged Weapons
 + Level 1.4 Throwing
 + Level 1.4 Armour
 + Level 4.7 Dodging
 + Level 2.7 Stealth
 + Level 1.4 Shields
 + Level 1.4 Unarmed Combat
 + Level 1.4 Spellcasting
 + Level 1.1 Conjurations
 + Level 1.1 Hexes
 + Level 1.1 Summonings
 + Level 1.1 Necromancy
 + Level 1.1 Translocations
 + Level 1.1 Transmutations
 + Level 1.1 Fire Magic
 + Level 1.1 Ice Magic
 + Level 1.1 Air Magic
 + Level 1.1 Earth Magic
 + Level 1.1 Poison Magic
 + Level 1.5 Invocations
 + Level 1.4 Evocations


You had 6 spell levels left.
You didn't know any spells.
Your spell library was empty.

Dungeon Overview and Level Annotations

Branches:
Dungeon (3/15)

Altars:
Hepliaklqana
Qazlal
Zin
The Shining One

Annotations:
D:3 exclusion: goblin, Robin


Innate Abilities, Weirdness & Mutations

You have very sharp teeth.
Your uncanny sense of smell can sniff out nearby items.
Your experience applies equally to all skills.


Message History

You open the door.
Found a glowing silver altar of Zin.
There is an open door here.
There is a glowing silver altar of Zin here.
You kneel at the altar of Zin.
There is an open door here.
There is an open door here.
Search for what [Enter for "altar", or ? for help]? altar
There is a fountain of clear blue water here.
There is an open door here.
There is an open door here.
There is an open door here.
There is an open door here.
There is an open door here.
There is a glowing golden altar of the Shining One here.
You kneel at the altar of the Shining One.
The Shining One welcomes you!
The Shining One warns you to remove your +0 shortbow of draining.
Okay, then.
You are now empty-handed.
You drop a +0 shortbow of draining.
(D) Dungeon
Where to? (Enter - D:3 @ (x,y), ? - help)
What level of the Dungeon? (default 1, ? - help)
There is an open door here.
There is an open door here.
There is an open door here.
There is an open door here.
There is a stone staircase leading up here.
You climb upwards.
There is a stone staircase leading down here.
There is a stone staircase leading up here.
You climb upwards.
There is a stone staircase leading down here.
You enter the shallow water.
Moving in this stuff is going to be slow.
There is a staircase leading out of the dungeon here.
Search for what [Enter for "altar", or ? for help]? altar Search for what [Enter for "altar", or ? for help]? range Are you sure you want to leave the Dungeon?
This will make you lose the game!
You have escaped!

#....#.# #.#
########.#.#####.#
########>...............'
#.......................#
#..~♣♣♣♣♣♣♣♣♣~........#..
#.~~≈≈≈≈≈≈♣≈≈~~.#...#.###
#.♣♣~~~~~~~~~♣♣.#.#.#...#
#.♣≈~~~~~~~~~≈♣.......#.#
#.♣♣~~~~@~~~~≈♣..........
#.♣♣~~~~~~~~~♣♣.......###
#.♣♣~~~~~~~~~≈♣..........
#.~~♣≈♣♣♣♣♣≈≈~~....#...##
#..~♣♣♣ ♣♣♣~..(..##..##
##### #########.... #....
#.... #.#+#


There were no monsters in sight!

Vanquished Creatures
  Ijyb (D:3)
  3 gnolls (D:2)
  2 adders
  A worm (D:2)
  A dart slug (D:1)
  2 endoplasms (D:2)
  2 giant cockroaches
  3 goblins
  7 hobgoblins
  6 kobolds
  4 quokkas
  4 ball pythons
  3 bats (D:2)
  5 frilled lizards
  6 rats
50 creatures vanquished.

Notes
Turn   | Place    | Note
-------+----------+-------------------------------------------
     0 | D:1      | octoduck the Gnoll Hunter began the quest for the Orb.
     0 | D:1      | Reached XP level 1. HP: 20/20 MP: 1/1
   280 | D:1      | Reached XP level 2. HP: 26/26 MP: 2/2
  1076 | D:2      | Reached XP level 3. HP: 31/31 MP: 3/3
  1142 | D:2      | Found a faded altar of an unknown god.
  1371 | D:2      | Reached skill level 1 in Invocations
  1631 | D:2      | Reached skill level 1 in Short Blades
  1631 | D:2      | Reached skill level 1 in Long Blades
  1631 | D:2      | Reached skill level 1 in Axes
  1631 | D:2      | Reached skill level 1 in Maces & Flails
  1631 | D:2      | Reached skill level 1 in Polearms
  1631 | D:2      | Reached skill level 1 in Staves
  1631 | D:2      | Reached skill level 1 in Throwing
  1631 | D:2      | Reached skill level 1 in Armour
  1631 | D:2      | Reached skill level 1 in Shields
  1631 | D:2      | Reached skill level 1 in Unarmed Combat
  1631 | D:2      | Reached skill level 1 in Spellcasting
  1631 | D:2      | Reached skill level 1 in Evocations
  1732 | D:2      | Reached XP level 4. HP: 38/38 MP: 5/5
  1923 | D:2      | Reached skill level 1 in Conjurations
  1923 | D:2      | Reached skill level 1 in Hexes
  1923 | D:2      | Reached skill level 1 in Summonings
  1923 | D:2      | Reached skill level 1 in Necromancy
  1923 | D:2      | Reached skill level 1 in Translocations
  1923 | D:2      | Reached skill level 1 in Transmutations
  1923 | D:2      | Reached skill level 1 in Fire Magic
  1923 | D:2      | Reached skill level 1 in Ice Magic
  1923 | D:2      | Reached skill level 1 in Air Magic
  1923 | D:2      | Reached skill level 1 in Earth Magic
  1923 | D:2      | Reached skill level 1 in Poison Magic
  2587 | D:3      | Noticed Robin
  3118 | D:3      | Noticed Ijyb
  3426 | D:3      | Found a glowing golden altar of the Shining One.
  3629 | D:3      | Killed Ijyb
  3630 | D:3      | Reached XP level 5. HP: 43/43 MP: 5/7
  3673 | D:3      | Found a hazy altar of Hepliaklqana.
  3678 | D:3      | Found a stormy altar of Qazlal.
  3681 | D:3      | Found a glowing silver altar of Zin.
  3780 | D:3      | Became a worshipper of the Shining One
  3878 | D:$      | Got out of the dungeon alive.

Illustrated notes

Levels and vault maps discovered:
D:1:      reono_arrival_forest_river, layout_basic
D:2:      layout_basic, hellmonk_ecumenical_altar_run_dry, feat_on_display
D:3:      layout_basic, mainiacjoe_overflow_surrounded_room,
          grunt_temple_overflow_diamond, uniq_robin, uniq_ijyb

Skill      XL: |  1  2  3  4 |
---------------+-------------+-----
Invocations    | 1 |  1.5
Short Blades   | 1 |  1.4
Long Blades    | 1 |  1.4
Axes           | 1 |  1.4
Maces & Flails | 1 |  1.4
Polearms       | 1 |  1.4
Staves         | 1 |  1.4
Throwing       | 1 |  1.4
Armour         | 1 |  1.4
Shields        | 1 |  1.4
Unarmed Combat | 1 |  1.4
Spellcasting   | 1 |  1.4
Evocations     | 1 |  1.4
Conjurations   | 1 |  1.1
Hexes          | 1 |  1.1
Summonings     | 1 |  1.1
Necromancy     | 1 |  1.1
Translocations | 1 |  1.1
Transmutations | 1 |  1.1
Fire Magic     | 1 |  1.1
Ice Magic      | 1 |  1.1
Air Magic      | 1 |  1.1
Earth Magic    | 1 |  1.1
Poison Magic   | 1 |  1.1
Fighting       | |  4.7
Ranged Weapons | |  8.6
Dodging        | |  4.7
Stealth        | |  2.7

Action                     |  1- 3 |  4- 6 || total
---------------------------+-------+-------++-------
  Melee: Dagger            |    17 |    28 ||    45
         Bite              |     2 |     5 ||     7
         Punch             |       |     1 ||     1
   Fire: Shortbow          |    75 |    37 ||   112
    Use: Scroll            |       |     3 ||     3
   Stab: Sleeping          |     1 |       ||     1
 Armour: Leather armour    |     5 |     3 ||     8
  Dodge: Dodged            |    13 |    23 ||    36

Table legend: (Time is in decaauts)
 A = Elapsed time spent in this place.
 B = Non-inter-level travel time spent in this place.
 C = Inter-level travel time spent in this place.
 D = Time resting spent in this place.
 E = Time spent auto-exploring this place.
 F = Levels seen in this place.
 G = Mean time per level.
                   A        B        C        D        E       F      G
               +--------+--------+--------+--------+--------+-----+--------+
         Total |   3883 |   3217 |    666 |    956 |   1438 |   3 | 1294.3 |
       Dungeon |   3883 |   3217 |    666 |    956 |   1438 |   3 | 1294.3 |
               +--------+--------+--------+--------+--------+-----+--------+

Top non-repeatable levels by time:
     D:2: 1775 daAuts
     D:3: 1117 daAuts
     D:1: 991 daAuts
